Map: [ESL] Solaris

Players

Harstem

  • Race: Protoss Protoss
  • Spawn Location: 7:00

Reynor - Winner!

  • Race: Zerg Zerg
  • Spawn Location: 1:00

Event: ESL SC2 Masters 2023 Winter (Regional)

VOD

Have the link to the VOD?

Description

Time

  • Played on: Nov. 10, 2023, 9:18 a.m.
  • Length: 15:21

All games in this series

Show
View Real Time Build Order
Export as new Build Order

Harstem Protoss 

Build Orders: 1 Gate Expand, Mass Adepts 

Get SALT Encoding   

  12  0:00  Probe  
  13  0:12  Probe  
  14  0:18  Pylon  
  14  0:24  Probe (Chrono Boost)  
  15  0:36  Probe (Chrono Boost)  
  15  0:39  Gateway  
  16  0:45  Probe (Chrono Boost)  
  17  0:50  Assimilator  
  17  0:51  Probe  
  18  1:03  Probe  
  19  1:16  Probe  
  20  1:25  Nexus  
  20  1:34  Cybernetics Core  
  20  1:37  Probe  
  21  1:44  Assimilator  
  21  1:49  Probe  
  21  1:52  Pylon  
  22  2:01  Probe  
  22  2:08  Adept (Chrono Boost)  
  23  2:10  Warp Gate  
  23  2:13  Probe (Chrono Boost)  
  26  2:25  Probe (Chrono Boost)  
  27  2:30  Stalker, Probe (Chrono Boost)  
  30  2:39  Probe  
  30  2:40  Twilight Council, Probe  
  32  2:54  Probe  
  32  2:55  Gateway  
  34  3:02  Gateway  
  34  3:03  Gateway  
  34  3:05  Probe  
  34  3:07  Probe  
  34  3:08  Resonating Glaives (Chrono Boost)  
  34  3:12  Adept  
  37  3:17  Probe  
  38  3:22  Probe  
  39  3:28  Pylon  
  39  3:29  Probe  
  40  3:34  Probe  
  41  3:41  Probe  
  42  3:51  Nexus  
  42  3:54  Pylon  
  43  3:59  Adept x3  
  43  4:00  Adept  
  50  4:05  Probe  
  50  4:08  Probe  
  52  4:11  Pylon  
  52  4:20  Adept x3  
  52  4:21  Adept  
  52  4:23  Probe  
  61  4:29  Probe  
  61  4:31  Assimilator  
  62  4:32  Pylon  
  62  4:40  Adept x3  
  68  4:45  Probe  
  68  4:48  Robotics Facility  
  68  4:52  Probe (Chrono Boost)  
  65  5:02  Probe (Chrono Boost)  
  65  5:04  Probe (Chrono Boost)  
  62  5:09  Assimilator  
  62  5:12  Adept x3  
  62  5:13  Probe (Chrono Boost)  
  69  5:15  Probe (Chrono Boost)  
  69  5:17  Probe (Chrono Boost)  
  69  5:18  Probe (Chrono Boost)  
  69  5:21  Sentry  
  66  5:22  Probe  
  66  5:25  Probe  
  66  5:27  Probe  
  69  5:33  Sentry, Immortal (Chrono Boost), Shield Battery  
  69  5:34  Probe  
  76  5:37  Probe  
  76  5:39  Probe  
  78  5:46  Probe  
  78  5:48  Sentry, Gateway  
  82  5:51  Gateway  
  82  5:55  Pylon  
  83  5:58  Probe  
  83  6:02  Assimilator, Probe  
  83  6:03  Immortal (Chrono Boost), Probe  
  88  6:09  Assimilator  
  88  6:10  Sentry  
  91  6:12  Pylon  
  91  6:15  Probe  
  91  6:17  Gateway  
  91  6:20  Gateway  
  93  6:28  Sentry  
  93  6:29  Warp Prism (Chrono Boost), Adept x2  
  99  6:37  Adept  
  99  6:38  Probe  
  99  6:39  Pylon  
  102  6:40  Pylon  
  102  6:44  Adept  
  104  6:50  Adept x2  
  104  6:52  Pylon  
  108  6:55  Observer (Chrono Boost)  
  107  7:05  Adept x4  
  115  7:09  Probe  
  115  7:10  Pylon  
  115  7:14  Adept x3  
  118  7:27  Adept x4  
  118  7:28  Adept  
  124  7:31  Probe  
  124  7:34  Probe x2  
  124  7:35  Robotics Bay  
  127  7:37  Forge  
  127  7:43  Adept x3  
  131  7:44  Probe  
  131  7:50  Adept x5  
  134  7:51  Probe  
  134  7:58  Immortal  
  139  8:03  Adept x3  
  141  8:12  Adept x4  
  133  8:13  Adept  
  113  8:27  Adept x3  
  113  8:29  Blink  
  113  8:34  Protoss Ground Weapons Level 1 (Chrono Boost)  
  107  8:35  Probe  
  107  8:36  Adept x5  
  107  8:39  Probe  
  117  8:48  Stalker x3  
  120  8:58  Stalker x3  
  120  8:59  Phoenix  
  122  9:06  Disruptor (Chrono Boost)  
  122  9:07  Stargate  
  126  9:13  Stalker x3  
  132  9:20  Shield Battery  
  132  9:30  Pylon  
  132  9:31  Nexus  
  132  9:32  Pylon  
  132  9:39  Probe  
  132  9:45  Stargate, Probe  
  134  9:47  Shield Battery  
  134  9:49  Shield Battery  
  134  9:51  Photon Cannon, Shield Battery  
  134  9:58  Pylon  
  130  10:00  Phoenix (Chrono Boost)  
  130  10:03  Probe  
  130  10:04  Stalker  
  135  10:08  Photon Cannon  
  135  10:10  Probe  
  135  10:13  Disruptor  
  140  10:17  Probe  
  140  10:21  Phoenix (Chrono Boost)  
  141  10:25  Probe  
  144  10:28  Phoenix (Chrono Boost)  
  144  10:33  Protoss Ground Weapons Level 2 (Chrono Boost)  
  143  10:35  Probe  
  143  10:39  Photon Cannon, Stalker x3  
  143  10:40  Phoenix (Chrono Boost)  
  151  10:47  Photon Cannon  
  149  10:50  Adept x2  
  149  10:54  Phoenix  
  155  11:00  Stalker  
  155  11:01  Stalker  
  155  11:03  Stalker  
  153  11:07  Phoenix (Chrono Boost)  
  153  11:21  Colossus (Chrono Boost)  
  161  11:26  Phoenix (Chrono Boost)  
  161  11:28  Fleet Beacon  
  161  11:30  Assimilator  
  161  11:33  Assimilator  
  161  11:35  Probe  
  161  11:36  Stalker x3  
  166  11:47  Stalker x2  
  166  11:50  Protoss Air Weapons Level 1  
  165  12:06  Stalker x5  
  175  12:20  Phoenix  
  177  12:26  Pylon  
  177  12:28  Colossus (Chrono Boost), Pylon  
  180  12:31  Pylon  
  177  12:42  Stalker x2  
  158  12:52  Stalker x3  
  158  12:53  Stalker  
  161  13:02  Probe (Chrono Boost), Phoenix  
  163  13:08  Stalker x3  
  167  13:19  Phoenix  
  167  13:35  Nexus  
  167  13:38  Observer (Chrono Boost)  
  168  13:42  Templar Archives  
  168  13:44  Probe (Chrono Boost)  
  171  13:49  Probe (Chrono Boost)  
  171  13:50  Probe (Chrono Boost)  
  171  13:56  Immortal (Chrono Boost)  
  171  13:58  Probe (Chrono Boost)  
  176  14:22  Stalker x4  
  176  14:23  High Templar x2  
  188  14:25  Observer (Chrono Boost)  
  188  14:29  Archon  
  157  14:55  Pylon  
  157  14:56  Pylon x2  
  157  15:02  Probe  
  134  15:09  Stalker x3  
  134  15:10  Stalker x2  
Show
View Real Time Build Order
Export as new Build Order

Reynor Zerg - Winner!

Build Orders: Hatch First 

Get SALT Encoding   

  12  0:00  Drone  
  13  0:11  Overlord  
  13  0:16  Drone  
  14  0:29  Drone  
  14  0:30  Drone  
  16  0:45  Drone  
  17  0:51  Hatchery  
  17  0:54  Drone  
  17  0:57  Drone  
  18  1:08  Extractor  
  17  1:13  Spawning Pool  
  17  1:15  Drone  
  17  1:20  Drone  
  18  1:27  Drone  
  19  1:37  Drone  
  20  1:48  Overlord  
  20  1:59  Queen  
  22  2:03  Drone x2, Queen  
  26  2:10  Zergling x2  
  26  2:12  Metabolic Boost  
  26  2:14  Zergling x2  
  28  2:20  Drone  
  29  2:25  Drone  
  30  2:33  Zergling x2  
  31  2:38  Drone  
  31  2:43  Drone, Hatchery  
  32  2:48  Overlord  
  32  2:54  Drone  
  32  2:55  Queen  
  32  2:58  Drone  
  36  3:06  Queen  
  36  3:07  Drone  
  36  3:11  Overlord  
  36  3:12  Drone  
  40  3:14  Drone  
  40  3:15  Zergling x2  
  40  3:17  Zergling x2  
  43  3:22  Drone  
  44  3:28  Overlord  
  44  3:31  Queen  
  44  3:33  Drone  
  47  3:36  Drone  
  47  3:38  Drone  
  47  3:39  Drone x2  
  51  3:43  Drone  
  52  3:49  Roach Warren  
  52  3:55  Drone  
  52  3:57  Drone x2  
  52  3:58  Queen  
  52  3:59  Overlord  
  56  4:07  Drone x2  
  57  4:10  Drone x2, Extractor  
  57  4:12  Overlord  
  57  4:13  Zergling x4  
  60  4:18  Overlord  
  60  4:29  Roach x5  
  70  4:32  Roach  
  70  4:36  Zergling x2  
  73  4:41  Zergling x6, Roach  
  73  4:43  Zergling x2, Roach  
  81  4:51  Zergling x2, Roach  
  81  4:52  Zergling x4  
  85  4:57  Queen, Evolution Chamber  
  83  5:01  Drone x3  
  84  5:10  Drone x2  
  84  5:13  Drone  
  84  5:14  Lair  
  84  5:21  Drone x3  
  83  5:26  Drone x3  
  86  5:31  Drone x2  
  86  5:32  Extractor  
  86  5:34  Evolution Chamber  
  86  5:36  Roach  
  86  5:41  Overlord  
  86  5:42  Drone  
  89  5:48  Overlord  
  89  5:51  Drone  
  89  5:54  Overlord  
  90  6:00  Drone x3  
  90  6:01  Zerg Melee Weapons Level 1  
  90  6:02  Drone x3  
  90  6:03  Extractor  
  90  6:04  Extractor x2, Hatchery  
  93  6:05  Roach x2  
  93  6:10  Drone  
  93  6:11  Drone x2  
  98  6:15  Drone x2  
  101  6:18  Drone  
  101  6:20  Spire  
  101  6:23  Drone  
  101  6:24  Drone  
  103  6:25  Drone x2  
  103  6:26  Drone  
  103  6:27  Drone  
  103  6:31  Glial Reconstitution, Drone  
  107  6:33  Drone x2, Overseer  
  107  6:37  Drone  
  107  6:38  Drone x2  
  112  6:41  Drone x2  
  112  6:43  Overlord  
  114  6:49  Overlord  
  114  6:50  Overlord  
  114  6:55  Spore Crawler  
  114  6:56  Ravager  
  114  6:57  Spore Crawler, Ravager  
  114  6:58  Overlord  
  114  7:05  Drone x3  
  114  7:06  Ravager x2  
  114  7:07  Zergling x8  
  114  7:08  Zergling x2  
  122  7:11  Overlord, Ravager  
  122  7:12  Ravager x2  
  122  7:13  Zergling x2, Roach x2  
  132  7:20  Zergling x2, Roach x2  
  136  7:27  Roach  
  134  7:31  Ravager x2  
  134  7:35  Zergling x10, Roach x2  
  143  7:40  Roach  
  143  7:44  Roach  
  132  7:45  Queen  
  132  7:50  Roach x2  
  129  7:51  Roach  
  129  7:52  Zergling x4, Roach, Ravager  
  135  7:59  Drone x2  
  123  8:07  Roach x3  
  123  8:09  Zergling x2  
  123  8:10  Zergling x4, Queen  
  120  8:15  Zergling x2, Roach x2  
  120  8:18  Drone  
  118  8:24  Roach  
  118  8:25  Queen  
  112  8:27  Roach  
  112  8:28  Zergling x2  
  112  8:31  Drone x2  
  112  8:33  Drone x2  
  115  8:36  Drone x2  
  115  8:38  Roach  
  115  8:39  Zergling x2  
  117  8:45  Drone x2  
  117  8:46  Queen  
  121  8:50  Zergling x2  
  121  8:54  Zergling x2  
  120  8:59  Drone x6  
  124  9:12  Drone x4  
  124  9:16  Drone  
  129  9:17  Drone  
  129  9:18  Zerg Melee Weapons Level 2  
  129  9:23  Drone x2  
  132  9:28  Zergling x4  
  132  9:29  Zergling x2  
  132  9:30  Baneling Nest  
  135  9:31  Drone  
  135  9:32  Overlord  
  135  9:33  Drone x2  
  135  9:34  Extractor  
  135  9:35  Extractor  
  135  9:43  Drone x2  
  135  9:44  Drone x2  
  139  9:48  Overlord  
  139  9:54  Drone x2  
  139  9:58  Drone x2  
  138  10:04  Mutalisk x9  
  138  10:06  Zergling x2  
  157  10:08  Drone  
  157  10:13  Mutalisk  
  160  10:15  Mutalisk, Centrifugal Hooks  
  160  10:18  Overlord  
  162  10:23  Drone x4  
  162  10:26  Mutalisk  
  165  10:42  Drone x3, Hatchery  
  168  10:43  Drone  
  168  10:44  Drone  
  168  10:45  Drone x2  
  168  10:48  Ravager x2  
  168  10:49  Zergling x6  
  176  10:51  Overlord  
  176  10:55  Infestation Pit  
  174  11:00  Zergling x4  
  174  11:02  Overlord  
  172  11:06  Zergling x2  
  172  11:07  Zergling x6  
  172  11:08  Overlord  
  173  11:11  Zergling x2  
  173  11:12  Zergling x6  
  173  11:17  Zergling x4  
  173  11:18  Zergling x12  
  183  11:23  Zergling x8  
  187  11:29  Baneling x7  
  187  11:31  Drone  
  187  11:32  Hive  
  188  11:33  Drone x3  
  188  11:36  Ravager x2  
  188  11:39  Zergling x6  
  196  11:43  Zergling x6  
  196  11:53  Overlord  
  190  11:55  Overlord  
  190  11:57  Zerg Missile Weapons Level 1  
  190  12:03  Zergling x16  
  190  12:04  Baneling x12  
  190  12:05  Baneling x13  
  198  12:21  Baneling x12  
  198  12:22  Zergling x16  
  194  12:32  Zergling x12  
  178  12:47  Zergling x18, Roach  
  160  12:52  Roach  
  160  12:53  Roach  
  160  12:56  Zergling x2, Roach x2  
  160  12:57  Zergling x2  
  160  12:58  Zergling x8, Roach x2  
  161  12:59  Adrenal Glands  
  161  13:01  Baneling  
  161  13:02  Baneling x12  
  161  13:03  Zergling x2, Roach x2  
  161  13:05  Spore Crawler  
  165  13:10  Ravager  
  165  13:11  Ravager  
  167  13:13  Zergling x2, Roach x2  
  167  13:15  Roach  
  169  13:20  Baneling x15  
  169  13:21  Baneling x8  
  169  13:22  Baneling x8  
  169  13:25  Zergling x16  
  175  13:28  Zergling x2  
  175  13:29  Zergling x4  
  175  13:31  Zergling x4  
  175  13:32  Zergling x4  
  175  13:33  Zergling x2  
  181  13:37  Zergling x4  
  181  13:38  Zergling x4  
  181  13:39  Zergling x2  
  186  13:54  Hatchery  
  185  13:59  Zergling x24  
  197  14:05  Viper  
  186  14:18  Zergling x14  
  186  14:23  Zergling x2  
  186  14:24  Zergling x10  
  198  14:26  Zergling x4  
  198  14:29  Zergling x4  
  176  14:41  Baneling x10  
  176  14:42  Baneling x6  
  168  14:47  Baneling x13, Ravager  
  168  14:48  Baneling, Ravager x2  
  168  14:49  Roach x4  
  177  14:54  Zergling x2, Roach x3  
  177  14:55  Zergling x6  
  177  14:56  Ravager x2  
  184  15:02  Zergling x4, Roach x2  
Tags
 
Add a new tag
Caveats
  • Supply blocks, unpowered buildings, or Contaminate may cause inaccurate times.
  • Supply counts are checked every 10 seconds.